 Dungeon Crawl Stone Soup version 0.19-a0-895-gdbd5520 (webtiles) character file.

130 Buffagor the Shield-Bearer (level 5, -4/28 HPs)
             Began as a Vine Stalker Fighter on July 4, 2016.
             Killed by nerve-wracking pain
             ... invoked by Grinder
              (11 damage)
             ... on level 3 of the Dungeon.
             The game lasted 00:02:39 (1674 turns).

Buffagor the Shield-Bearer (Vine Stalker Fighter)   Turns: 1674, Time: 00:02:40

Health: -4/28      AC:  6    Str: 24    XL:     5   Next: 13%
Magic:  0/6        EV:  7    Int:  8    God:
Gold:   168        SH:  9    Dex: 14    Spells: 0 memorised, 4 levels left

rFire  . . .     SeeInvis .     a - +0 war axe
rCold  . . .     Gourm    .     b - +0 scale mail
rNeg   . . .     Faith    .     c - +0 shield
rPois  .         Spirit   +     (no helmet)
rElec  .         Dismiss  .     (no cloak)
rCorr  .         Reflect  .     (no gloves)
SustAt .         Harm     .     (no boots)
MR     .....     Rnd*Tele +     n - amulet of rage
Stlth  ..........               (no ring)
                                g - ring of teleportation (curse)

@: mighty, drained, not resistant to hostile enchantments, extremely unstealthy
A: fangs 2, regeneration 1, magic shield, antimagic bite, no device heal 3, rot
immunity
a: Evoke Berserk Rage


You were on level 3 of the Dungeon.
You were not hungry.

You visited 1 branch of the dungeon, and saw 3 of its levels.

You collected 168 gold pieces.

Inventory:

Hand Weapons
 a - a +0 war axe (weapon)
Armour
 b - a +0 scale mail (worn)
 c - a +0 shield (worn)
 j - a +2 hat
Jewellery
 g - a cursed ring of teleportation (left hand)
 n - an amulet of rage (around neck)
 u - an uncursed ring of stealth {unknown}
Wands
 l - a wand of acid (9/15)
 v - a wand of polymorph (15/24)
Scrolls
 e - 6 scrolls of identify {unknown}
 h - 2 scrolls of noise {unknown}
 i - a scroll of enchant armour {unknown}
 k - 3 scrolls of immolation {unknown}
 m - a scroll of fear {unknown}
 s - 4 scrolls of remove curse {unknown}
Potions
 o - a potion of resistance {unknown}
 p - a potion of curing {unknown}
 r - 2 potions of lignification {unknown}
 t - a potion of cancellation {unknown}
Books
 w - a Young Poisoner's Handbook

   Spells                             Type                      Level
   a - Sting                          Conjuration/Poison           1
   b - Mephitic Cloud                 Conjuration/Poison/Air       3
   c - Olgreb's Toxic Radiance        Poison                       4
   d - Alistair's Intoxication        Transmutation/Poison         5
   e - Venom Bolt                     Conjuration/Poison           5
Comestibles
 f - 3 bread rations
 q - a beef jerky
 x - a fruit


   Skills:
 + Level 3.3(2.8) Fighting
 * Level 3.0(2.4) Axes
 + Level 2.9(2.3) Armour
 + Level 3.4(2.8) Shields


You had 4 spell levels left.
You didn't know any spells.

Dungeon Overview and Level Annotations

Branches:
Dungeon (3/15)

Altars:
Vehumet

Annotations:
D:3 Grinder


Innate Abilities, Weirdness & Mutations

You have extremely sharp teeth.
Your natural rate of healing is unusually fast.
When hurt, damage is shared between your health and your magic reserves.
Your bite disrupts and absorbs the magic of your enemies.
Potions and wands cannot restore your health.
You are immune to rotting.


Message History

You block Grinder's attack.
You barely miss Grinder. You bite Grinder.
Grinder's magic leaks into the air.
You drain her magic.
You feel invigorated.
Grinder is moderately wounded.
Grinder gestures at you. Pain shoots through your body! Grinder hits you!
* * * LOW HITPOINT WARNING * * *
You writhe in agony.
* * * LOW HITPOINT WARNING * * *
You are too injured to fight recklessly!
You are too injured to fight recklessly!
You are too injured to fight recklessly!
You are too injured to fight recklessly!
You are too injured to fight recklessly!
You are too injured to fight recklessly!
Unknown command.
You feel very mighty all of a sudden. Grinder gestures at you.
Pain shoots through your body!
You die...

###..# #..######.###.#..#..#..###
.......<..........>..#..#........
###............#.###....##.#.####
. ...###...............###.#.....
###.## #.....................#
#....#.####.#.##.###### #......##
#.#.##.# $. ...#.....# #.#.....
.. ##..@.# #.#......
........5.........#.#
.####.............#.#
#..##....##...#.# #.. ....##...#
# ##. ...... #. ...... #. .....


You could see Grinder.

Vanquished Creatures
  Ijyb (D:3)
  An adder (D:2)
  An ooze (D:3)
  2 worms (D:2)
  A dart slug (D:1)
  A giant gecko (D:2)
  5 orcs (D:3)
  2 giant cockroaches
  12 goblins
  14 hobgoblins
  4 jackals
  3 bats
  2 giant newts
  11 kobolds
  13 rats
73 creatures vanquished.

Notes
Turn   | Place    | Note
-------+----------+-------------------------------------------
     0 | D:1      | Buffagor the Vine Stalker Fighter began the quest for the Orb.
     0 | D:1      | Reached XP level 1. HP: 11/11 MP: 2/2
   172 | D:1      | Reached XP level 2. HP: 11/16 MP: 3/3
   492 | D:1      | Reached XP level 3. HP: 17/19 MP: 4/4
  1158 | D:2      | Reached XP level 4. HP: 16/24 MP: 3/5
  1207 | D:3      | Noticed Ijyb
  1219 | D:3      | Killed Ijyb
  1407 | D:3      | Reached XP level 5. HP: 26/28 MP: 6/6
  1442 | D:3      | Found a radiant altar of Vehumet.
  1664 | D:3      | Noticed Grinder
  1674 | D:3      | Killed from afar by Grinder

Vault maps used:
D:1:      lightli_arrival_boilingwater
D:2:      first_bread
D:3:      vehumet_crystals, minivault_4, minmay_goblin_outpost,
          uniq_crazy_yiuf_cottage, uniq_iyjb, uniq_grinder

Skill      XL: |  1  2  3  4  5 |
---------------+----------------+-----
Axes           | 2 3 |  3.0
Shields        | 3 |  3.4
Fighting       | 3 |  3.3
Armour         | |  2.9

Action                   |  1- 3 |  4- 6 || total
-------------------------+-------+-------++-------
Melee: War axe           |   119 |    76 ||   195
       Bite              |    32 |    22 ||    54
  Use: Potion            |       |     1 ||     1
  Eat: Chunk             |     1 |     2 ||     3
Armor: Scale mail        |    46 |    32 ||    78
       Skin              |       |     2 ||     2
Dodge: Dodged            |    42 |    21 ||    63
Block: Shield            |    62 |    45 ||   107
